AoeStats
← [TM] Goblin Wizard Bolton

Golden Pit

508482386Analyzed
1v1 RM · 9d ago on Sep 22, 2026· 39m 9s· 2 players
Game mode
Random Map
Map size
Tiny (2 player)
Population
200
Speed
Normal
Resources
Standard
Victory
Conquest
Starting age
Dark Age
Ending age
Imperial Age
RankedLock teamsTeams togetherTeam positionsShared explorationLock speedFull tech treeHidden civsTurbo modeCheats
Victory
Defeat
🇦🇷 Dravidians · Argentina
1416
+16
🇳🇱 Inca · Netherlands
1414
-16
[TM] Goblin Wizard Bolton
7:09 Loom
9:24 Feudal Age
10:41 Double-Bit Axe
12:38 Horse Collar
19:38 Town Watch
23:34 Castle Age
21:55 Gold Mining
22:30 Padded Archer Armor
23:15 Fletching
23:26 Padded Archer Armor
23:51 Crossbowman
24:44 Thumb Ring
25:31 Bodkin Arrow
28:46 Leather Archer Armor
28:59 Scale Mail Armor
31:53 Wheelbarrow
34:50 Imperial Age
35:05 Arbalester
35:46 Bracer
Soloarqueros
2:06 Loom
11:37 Feudal Age
15:41 Castle Age
20:47 Double-Bit Axe
26:05 Wheelbarrow
27:40 Horse Collar
28:16 Fletching
30:56 Town Watch
31:21 Scale Mail Armor
33:27 Masonry
36:19 Imperial Age
34:37 Bow Saw
34:53 Forging
35:02 Heavy Plow
35:30 Chain Mail Armor
35:53 Stone Mining
36:46 Iron Casting
38:00 Chemistry
37:42 Ballistics
37:21 Heavy Scorpion
Connection lost

Rejoining the realm…

Still unreachable

The connection could not be restored.

Session expired

The server has moved on; the page needs a fresh start.